 Dungeon Crawl Stone Soup version 0.27.1-2-g3b301248ec (webtiles) character file.

Game seed: 991781410389719135

53 Borgoz the Skirmisher (level 3, 0/24 HPs)
             Began as a Gargoyle Berserker on Sept 26, 2021.
             Was a Follower of Trog.
             Slain by a worm (10 damage)
             ... on level 3 of the Dungeon.
             The game lasted 00:01:33 (1763 turns).

Borgoz the Skirmisher (Gargoyle Berserker)          Turns: 1763, Time: 00:01:33

Health: 0/24       AC:  5    Str: 21      XL:     3   Next: 89%
Magic:  3/3        EV: 11    Int:  5 (7)  God:    Trog [*.....]
Gold:   29         SH:  0    Dex:  6 (9)  Spells: 2/2 levels left

rFire    . . .     SeeInvis .   a - +0 mace
rCold    . . .     Faith    .   (no shield)
rNeg     + . .     Spirit   .   b - +0 animal skin
rPois    ∞         Reflect  .   (no helmet)
rElec    +         Harm     .   (no cloak)
rCorr    .         Rampage  .   (no gloves)
Will     .....                  (no boots)
Stlth    +.........             (no amulet)
HPRegen  0.08/turn              (no ring)
MPRegen  0.08/turn              (no ring)

@: on berserk cooldown, slowed, very slow
A: sickness immunity, AC +3, negative energy resistance 1, electricity
resistance, torment resistance 1, petrification resistance
a: Renounce Religion, Berserk


You were on level 3 of the Dungeon.
You worshipped Trog.
Trog was aware of your devotion.
You visited 1 branch of the dungeon, and saw 4 of its levels.

You collected 29 gold pieces.

Inventory:

Hand Weapons
 a - a +0 mace (weapon)
Armour
 b - a +0 animal skin (worn)
Scrolls
 c - a scroll of amnesia {unknown}
 d - a scroll of teleportation {unknown}
 f - a scroll of identify {unknown}
 g - a scroll of summoning {unknown}
Potions
 e - a potion of mutation {unknown}


   Skills:
 + Level 3.8 Fighting
 + Level 3.4 Maces & Flails
 + Level 2.9 Armour
 + Level 2.1 Dodging


You had 2 spell levels left.
You didn't know any spells.
Your spell library was empty.

Dungeon Overview and Level Annotations

Branches:
Dungeon (4/15)
 Temple: D:4-7

Altars:

Portals:
Sewer: D:3


Innate Abilities, Weirdness & Mutations

You are immune to sickness and miasma.
Your stone body is resilient. (AC +3)
You are immune to poison.
You resist negative energy. (rN+)
You are resistant to electric shocks. (rElec)
You are resistant to unholy torment.
You are immune to petrification.


Message History

You kill the worm!
Trog accepts your kill.
You feel your strength returning.
You closely miss the river rat. The river rat bites you.
You hit the river rat.
The river rat is heavily wounded.
The river rat bites you but does no damage. x2
You hit the river rat.
The river rat is almost dead.
The river rat barely misses you.
A red film seems to cover your vision as you go berserk!
You feel yourself moving faster!
You feel mighty! The river rat barely misses you.
You thump the river rat!
You kill the river rat!
Trog accepts your kill.
Things that are here:
a river rat corpse; a worm corpse You start resting.
You feel a strong urge to attack something.
You start resting.
You feel your anger nearly subside.
You are no longer berserk.
You are exhausted.
You feel yourself slow down.
You start resting.
You hear the brisk rusting of a drain very nearby.
A worm comes into view.
Found a scroll labelled YNKOSIG QIPP.
Found a glowing drain.
You see here a ball python corpse.
A worm is nearby!
You hit the worm.
The worm is lightly wounded.
The worm bites you.
You sock the worm!
The worm is heavily wounded.
The worm closely misses you.
You hit the worm.
The worm is severely wounded.
The worm bites you!
You die...

.# ..#
....#######
..#.#.≈≈≈∩#
......≈≈≈≈#
......≈≈≈≈#
.......w≈≈#
#..@≈≈#
##..###
##.# ###
#.†# #.#
#?#†# #.#
#.##.# #.#
#.##.###.#
#.##.....##
#.#.....>.#


You could see a worm.

Vanquished Creatures
  A river rat (D:3)
  An ufetubus (D:4)
  2 worms (D:3)
  2 dart slugs
  An endoplasm (D:1)
  4 goblins
  2 hobgoblins (D:1)
  3 quokkas
  3 ball pythons
  7 bats (D:1)
  3 frilled lizards (D:1)
  A rat (D:1)
30 creatures vanquished.

Notes
Turn   | Place    | Note
-------+----------+-------------------------------------------
     0 | D:1      | Borgoz the Gargoyle Berserker began the quest for the Orb.
     0 | D:1      | Reached XP level 1. HP: 14/14 MP: 1/1
   109 | D:1      | Reached XP level 2. HP: 19/19 MP: 2/2
   131 | D:1      | Found a faded altar of an unknown god.
   450 | D:1      | Reached ** piety under Trog
   806 | D:2      | Reached XP level 3. HP: 17/23 MP: 3/3
  1007 | D:2      | You fall into a shaft and drop 2 floors!
  1756 | D:3      | Found a glowing drain.
  1763 | D:3      | Slain by a worm

Illustrated notes

Levels and vault maps discovered:
D:1:      dpeg_arrival_arbitrary_c, layout_basic, ebering_ecumenical_altar_hall,
          st_stairs_4
D:2:      layout_basic, serial_shops, nicolae_lakefront_shop, st_stairs_8
D:3:      layout_loops_ring, nzn_wu_jian_contemplation,
          nicolae_overflow_crystal_walls, portal_sewer_entry_b,
          kennysheep_path_1, minmay_bisected
D:4:      layout_basic

Skill      XL: |  1  2  3 |
---------------+----------+-----
Dodging        | 2 |  2.1
Fighting       | |  3.8
Maces & Flails | |  3.4
Armour         | |  2.9

Action                   || total
-------------------------++-------
Melee: Mace              ||   114
Invok: Berserk           ||     3
       Trog's Hand       ||     2
  Use: Potion            ||     2
Armor: Animal skin       ||    64
Dodge: Dodged            ||   119
